SAAA
SANTA BARBARA GOLDEN CRANES @ PAWNEE PARKSNREC
07/21/2038
 
TOP OF THE 1ST
Santa Barbara Golden Cranes batting - Pitching for Pawnee ParksNRec : RHP Victor Heuvelink
Pitching: RHP Victor Heuvelink
Batting: RHB James Pike 0-0: Called Strike
0-1: Fly out, F7 (Flyball, 7S, EV 83.1 MPH)
Batting: LHB Xu Cheng 0-0: Ball
1-0: Ball
2-0: Ball
3-0: Called Strike
3-1: Foul Ball, location: 2F
3-2: Fly out, F8 (Flyball, 8RM, EV 81.2 MPH)
Batting: LHB Victor Adams 0-0: Fly out, F9 (Flyball, 9D, EV 80.0 MPH)
Top of the 1st over - 0 runs, 0 hits, 0 errors, 0 left on base; Santa Barbara 0 - Pawnee 0
BOTTOM OF THE 1ST
Pawnee ParksNRec batting - Pitching for Santa Barbara Golden Cranes : RHP Dylan Telford
Pitching: RHP Dylan Telford
Batting: RHB Tamasaburo Kato 0-0: Called Strike
0-1: Ball
1-1: Ball
2-1: Foul Ball, location: 2F
2-2: Ball
3-2: Base on Balls
Batting: RHB Josh Mawdesley 0-0: Foul Ball, location: 2F
0-1: Ball
1-1: Ball
2-1: Grounds into double play, 5-4-3 (Groundball, 5, EV 86.9 MPH)
Batting: RHB Chip Mullaney 0-0: Ground out 1-3 (Groundball, 34S, EV 84.4 MPH)
Bottom of the 1st over - 0 runs, 0 hits, 0 errors, 0 left on base; Santa Barbara 0 - Pawnee 0
TOP OF THE 2ND
Santa Barbara Golden Cranes batting - Pitching for Pawnee ParksNRec : RHP Victor Heuvelink
Batting: LHB Chan-ho Shinn 0-0: Called Strike
0-1: Foul Ball, location: 2F
0-2: Strikes out swinging
Batting: RHB Freedon Akinmoladun 0-0: Foul Ball, location: 2F
0-1: Foul Ball, location: 2F
0-2: SINGLE (Groundball, 6MD, EV 106.2 MPH)
Batting: RHB Mike Strickland 0-0: Foul Ball, location: 2F
0-1: Ball
1-1: Ball
2-1: Ball
3-1: Foul Ball, location: 2F
3-2: Foul Ball, location: 2F
3-2: DOUBLE (Line Drive, 7LS, EV 101.2 MPH)
Freedon Akinmoladun to third
Batting: LHB Kelvin Abbott 0-0: Called Strike
0-1: Called Strike
0-2: Ball
1-2: Strikes out looking
Batting: RHB Rocky Zolman 0-0: Called Strike
0-1: Foul Ball, location: 2F
0-2: Ball
1-2: Foul Ball, location: 2F
1-2: Strikes out swinging
Top of the 2nd over - 0 runs, 2 hits, 0 errors, 2 left on base; Santa Barbara 0 - Pawnee 0
BOTTOM OF THE 2ND
Pawnee ParksNRec batting - Pitching for Santa Barbara Golden Cranes : RHP Dylan Telford
Batting: LHB Silas Givens 0-0: Fly out, F7 (Flyball, 7, EV 78.1 MPH)
Batting: RHB Francisco Alhama 0-0: Called Strike
0-1: SINGLE (Groundball, 56D, EV 93.8 MPH)
Batting: RHB Gilberto Ramírez 0-0: 2-RUN HOME RUN (Flyball, 7D, EV 96.9 MPH), Distance : 378 ft
Batting: RHB Ashton Bailey 0-0: Ball
1-0: Called Strike
1-1: Ball
2-1: Swinging Strike
2-2: Foul Ball, location: 2F
2-2: SINGLE (Flyball, 89S, EV 85.6 MPH)
Batting: RHB Ken Pittman 0-0: Foul Ball, location: 2F
0-1: Grounds into double play, 6-4-3 (Groundball, 56, EV 85.6 MPH)
Bottom of the 2nd over - 2 runs, 3 hits, 0 errors, 0 left on base; Santa Barbara 0 - Pawnee 2
TOP OF THE 3RD
Santa Barbara Golden Cranes batting - Pitching for Pawnee ParksNRec : RHP Victor Heuvelink
Batting: RHB Guillermo Carrizales 0-0: Foul Ball, location: 2F
0-1: Ball
1-1: Ball
2-1: Foul Ball, location: 2F
2-2: Strikes out swinging
Batting: RHB James Pike 0-0: Ball
1-0: Called Strike
1-1: Ball
2-1: Ball
3-1: Ground out 1-3 (Groundball, P, EV 82.5 MPH)
Batting: LHB Xu Cheng 0-0: Ball
1-0: DOUBLE (Line Drive, 9LS, EV 101.2 MPH)
Batting: LHB Victor Adams 0-0: Fly out, F8 (Flyball, 8RXD, EV 107.5 MPH)
Top of the 3rd over - 0 runs, 1 hit, 0 errors, 1 left on base; Santa Barbara 0 - Pawnee 2
BOTTOM OF THE 3RD
Pawnee ParksNRec batting - Pitching for Santa Barbara Golden Cranes : RHP Dylan Telford
Batting: RHB Fletcher Megarity 0-0: Ball
1-0: Ball
2-0: Ball
3-0: Called Strike
3-1: Base on Balls
Batting: RHB Tamasaburo Kato 0-0: Called Strike
0-1: Foul Ball, location: 2F
0-2: Ball
1-2: Fly out, F9 (Line Drive, 9D, EV 90.6 MPH)
Batting: RHB Josh Mawdesley 0-0: Ball
1-0: Ball
2-0: Called Strike
2-1: Fielders Choice at 2nd, 6-4 (Groundball, 6, EV 80.6 MPH)
Batting: RHB Chip Mullaney 0-0: DOUBLE (Line Drive, 9LM, EV 107.5 MPH)
Josh Mawdesley to third
Runner from 3rd tries for Home, SAFE, throw by RF to trailing runner, SAFE at third!
Batting: LHB Silas Givens 0-0: Ball
1-0: Ball
2-0: Ground out U3 (Groundball, 3L, EV 101.2 MPH)
Bottom of the 3rd over - 1 run, 1 hit, 0 errors, 1 left on base; Santa Barbara 0 - Pawnee 3
TOP OF THE 4TH
Santa Barbara Golden Cranes batting - Pitching for Pawnee ParksNRec : RHP Victor Heuvelink
Batting: LHB Chan-ho Shinn 0-0: Called Strike
0-1: Foul Ball, location: 2F
0-2: Ground out 6-3 (Groundball, 6M, EV 83.1 MPH)
Batting: RHB Freedon Akinmoladun 0-0: Ball
1-0: Ball
2-0: Ball
3-0: Called Strike
3-1: Fly out, F8 (Line Drive, 8RD, EV 101.2 MPH)
Batting: RHB Mike Strickland 0-0: Swinging Strike
0-1: Ball
1-1: Foul Ball, location: 2F
1-2: Ball
2-2: Strikes out swinging
Top of the 4th over - 0 runs, 0 hits, 0 errors, 0 left on base; Santa Barbara 0 - Pawnee 3
BOTTOM OF THE 4TH
Pawnee ParksNRec batting - Pitching for Santa Barbara Golden Cranes : RHP Dylan Telford
Batting: RHB Francisco Alhama 0-0: Foul Ball, location: 2F
0-1: Called Strike
0-2: Ball
1-2: Strikes out looking
Batting: RHB Gilberto Ramírez 0-0: Ball
1-0: Ball
2-0: Called Strike
2-1: Foul Ball, location: 2F
2-2: Strikes out swinging
Batting: RHB Ashton Bailey 0-0: Ball
1-0: Ball
2-0: Foul Ball, location: 2F
2-1: Foul Ball, location: 2F
2-2: Strikes out swinging
Bottom of the 4th over - 0 runs, 0 hits, 0 errors, 0 left on base; Santa Barbara 0 - Pawnee 3
TOP OF THE 5TH
Santa Barbara Golden Cranes batting - Pitching for Pawnee ParksNRec : RHP Victor Heuvelink
Batting: LHB Kelvin Abbott 0-0: SINGLE (Groundball, 34D, EV 107.5 MPH)
Batting: RHB Rocky Zolman 0-0: Called Strike
0-1: Ball
1-1: SINGLE (Line Drive, 6D, EV 98.1 MPH)
Kelvin Abbott to second
Batting: RHB Guillermo Carrizales 0-0: Ball
1-0: Called Strike
1-1: Grounds into double play, 4-6-3 (Groundball, 4, EV 80.0 MPH)
Kelvin Abbott to third
Batting: RHB James Pike 0-0: Foul Ball, location: 2F
0-1: Ball
1-1: Foul Ball, location: 2F
1-2: Fly out, F3 (Popup, 3S, EV 70.0 MPH)
Top of the 5th over - 0 runs, 2 hits, 0 errors, 1 left on base; Santa Barbara 0 - Pawnee 3
BOTTOM OF THE 5TH
Pawnee ParksNRec batting - Pitching for Santa Barbara Golden Cranes : RHP Dylan Telford
Batting: RHB Ken Pittman 0-0: Called Strike
0-1: Ball
1-1: Foul Ball, location: 2F
1-2: Ball
2-2: Ball
3-2: Foul Ball, location: 2F
3-2: Base on Balls
Batting: RHB Fletcher Megarity 0-0: Ball
1-0: Sac Bunt to 3S - play at first, batter OUT! 3-1
Ken Pittman to second
Batting: RHB Tamasaburo Kato 0-0: Called Strike
0-1: Ball
1-1: Foul Ball, location: 2F
1-2: Ball
2-2: SINGLE (Line Drive, 8RS, EV 99.4 MPH)
Ken Pittman to third
Batting: RHB Josh Mawdesley 0-0: Ball
1-0: Called Strike
1-1: Ball
2-1: Ball
3-1: Fielders Choice at 2nd, 4-6 (Groundball, 4, EV 81.2 MPH)
Ken Pittman scores
Batting: RHB Chip Mullaney 0-0: Ground out 4-3 (Groundball, 4, EV 108.1 MPH)
Bottom of the 5th over - 1 run, 1 hit, 0 errors, 1 left on base; Santa Barbara 0 - Pawnee 4
TOP OF THE 6TH
Santa Barbara Golden Cranes batting - Pitching for Pawnee ParksNRec : RHP Victor Heuvelink
Batting: LHB Xu Cheng 0-0: Fly out, F7 (Flyball, 7, EV 85.0 MPH)
Batting: LHB Victor Adams 0-0: Swinging Strike
0-1: Called Strike
0-2: Strikes out swinging
Batting: LHB Chan-ho Shinn 0-0: Foul Ball, location: 2F
0-1: Swinging Strike
0-2: Ball
1-2: Ball
2-2: Foul Ball, location: 2F
2-2: Ground out 6-3 (Groundball, 6, EV 76.9 MPH)
Top of the 6th over - 0 runs, 0 hits, 0 errors, 0 left on base; Santa Barbara 0 - Pawnee 4
BOTTOM OF THE 6TH
Pawnee ParksNRec batting - Pitching for Santa Barbara Golden Cranes : RHP Dylan Telford
Batting: LHB Silas Givens 0-0: Called Strike
0-1: Ground out 4-3 (Groundball, 4, EV 109.4 MPH)
Batting: RHB Francisco Alhama 0-0: Ball
1-0: Ball
2-0: Swinging Strike
2-1: Foul Ball, location: 2F
2-2: Strikes out looking
Batting: RHB Gilberto Ramírez 0-0: Ball
1-0: SINGLE (Groundball, 6MD, EV 99.4 MPH)
Batting: RHB Ashton Bailey 0-0: Called Strike
0-1: Ball
1-1: Foul Ball, location: 2F
1-2: Ground out 4-3 (Groundball, 4, EV 87.5 MPH)
Bottom of the 6th over - 0 runs, 1 hit, 0 errors, 1 left on base; Santa Barbara 0 - Pawnee 4
TOP OF THE 7TH
Santa Barbara Golden Cranes batting - Pitching for Pawnee ParksNRec : RHP Victor Heuvelink
Batting: RHB Freedon Akinmoladun 0-0: Ball
1-0: Ball
2-0: Foul Ball, location: 2F
2-1: Foul Ball, location: 2F
2-2: Foul Ball, location: 2F
2-2: Ball
3-2: Foul Ball, location: 2F
3-2: DOUBLE (Groundball, 3L, EV 98.1 MPH)
Batting: RHB Mike Strickland 0-0: Called Strike
0-1: Ball
1-1: Ball
2-1: Ball
3-1: Foul Ball, location: 2F
3-2: Fly out, F7 (Flyball, 7S, EV 83.1 MPH)
Batting: LHB Kelvin Abbott 0-0: Ball
1-0: Ball
2-0: Called Strike
2-1: Foul Ball, location: 2F
2-2: Ball
3-2: Foul Ball, location: 2F
3-2: Base on Balls
Pitching: LHP Daniel Ryan
Batting: RHB Rocky Zolman 0-0: Called Strike
0-1: Foul Ball, location: 2F
0-2: Foul Ball, location: 2F
0-2: Ball
1-2: Strikes out swinging
Batting: RHB Guillermo Carrizales 0-0: Ball
1-0: Ball
2-0: Called Strike
2-1: Called Strike
2-2: Ball
3-2: Ground out 6-3 (Groundball, 6, EV 83.1 MPH)
Top of the 7th over - 0 runs, 1 hit, 0 errors, 2 left on base; Santa Barbara 0 - Pawnee 4
BOTTOM OF THE 7TH
Pawnee ParksNRec batting - Pitching for Santa Barbara Golden Cranes : RHP Dylan Telford
Batting: RHB Ken Pittman 0-0: Called Strike
0-1: Foul Ball, location: 2F
0-2: Foul Ball, location: 2F
0-2: Foul Ball, location: 2F
0-2: Fly out, F8 (Flyball, 78D, EV 104.4 MPH)
Batting: RHB Fletcher Megarity 0-0: Reached on error, E3 (Flyball, 3D, EV 87.5 MPH)
Batting: RHB Tamasaburo Kato 0-0: Called Strike
0-1: Foul Ball, location: 2F
0-2: Foul Ball, location: 2F
0-2: Foul Ball, location: 2F
0-2: Ball
Wild Pitch!
Fletcher Megarity to second
1-2: Ball
2-2: Ground out 6-3 (Groundball, 6, EV 104.4 MPH)
Batting: RHB Josh Mawdesley 0-0: Ball
1-0: Ball
2-0: Swinging Strike
2-1: Ball
3-1: Called Strike
3-2: Foul Ball, location: 2F
3-2: Foul Ball, location: 2F
3-2: Foul Ball, location: 2F
3-2: Ground out 5-3 (Groundball, 56, EV 84.4 MPH)
Bottom of the 7th over - 0 runs, 0 hits, 1 error, 1 left on base; Santa Barbara 0 - Pawnee 4
TOP OF THE 8TH
Santa Barbara Golden Cranes batting - Pitching for Pawnee ParksNRec : LHP Daniel Ryan
Batting: RHB James Pike 0-0: Foul Ball, location: 2F
0-1: SOLO HOME RUN (Flyball, 9D, EV 103.1 MPH), Distance : 366 ft
Batting: LHB Xu Cheng 0-0: Ball
1-0: Ball
2-0: Ball
3-0: Base on Balls
Batting: LHB Victor Adams 0-0: Fly out, F2 (Popup, 25F, EV 82.5 MPH)
Batting: LHB Chan-ho Shinn 0-0: Called Strike
0-1: SINGLE (Groundball, 4MD, EV 101.2 MPH)
Xu Cheng to second
Runner from 2nd tries for 3rd, SAFE, throw by CF made to third
Batting: RHB Freedon Akinmoladun 0-0: Called Strike
0-1: Ball
1-1: Ball
2-1: Called Strike
2-2: SINGLE (Groundball, 56, EV 101.9 MPH)
Xu Cheng scores
Chan-ho Shinn to second
Pitching: RHP Arie de Nooyer
Pinch Runner at 2nd Mario van Heijbeeck:
Batting: RHB Mike Strickland 0-0: Swinging Strike
0-1: Ball
1-1: Called Strike
1-2: Foul Ball, location: 2F
1-2: Strikes out looking
Batting: LHB Kelvin Abbott 0-0: Called Strike
0-1: Ball
1-1: Ball
2-1: Fly out, F9 (Flyball, 89M, EV 81.9 MPH)
Top of the 8th over - 2 runs, 3 hits, 0 errors, 2 left on base; Santa Barbara 2 - Pawnee 4
BOTTOM OF THE 8TH
Pawnee ParksNRec batting - Pitching for Santa Barbara Golden Cranes : RHP Dylan Telford
Pitching: RHP José Muñóz
Now at 3B: Tim Jordan
Batting: RHB Chip Mullaney 0-0: Fly out, F4 (Line Drive, 4, EV 65.6 MPH)
Batting: LHB Silas Givens 0-0: Foul Ball, location: 2F
0-1: Ball
1-1: Ball
2-1: Called Strike
2-2: Strikes out looking
Batting: RHB Francisco Alhama 0-0: Called Strike
0-1: Ball
1-1: Ground out 5-3 (Groundball, 5L, EV 108.1 MPH)
Bottom of the 8th over - 0 runs, 0 hits, 0 errors, 0 left on base; Santa Barbara 2 - Pawnee 4
TOP OF THE 9TH
Santa Barbara Golden Cranes batting - Pitching for Pawnee ParksNRec : RHP Arie de Nooyer
Pitching: RHP Milton Mathews
Batting: RHB Rocky Zolman 0-0: Ball
1-0: Fly out, F8 (Line Drive, 8LD, EV 105.6 MPH)
Batting: RHB Guillermo Carrizales 0-0: Ball
1-0: SINGLE (Groundball, 34D, EV 96.9 MPH)
Batting: RHB James Pike 0-0: Ball
1-0: Foul Ball, location: 2F
1-1: Ball
2-1: Foul Ball, location: 2F
2-2: Ball
3-2: Grounds out, U3 (Groundball, 3L, EV 82.5 MPH)
Batting: LHB Xu Cheng 0-0: Ball
1-0: Ball
2-0: Called Strike
2-1: Foul Ball, location: 2F
2-2: Ball
3-2: SINGLE (Line Drive, 8LS, EV 99.4 MPH)
Guillermo Carrizales to third
Guillermo Carrizales scores
Batting: LHB Victor Adams 0-0: Ball
1-0: Called Strike
1-1: Ball
2-1: Foul Ball, location: 2F
2-2: Strikes out swinging
Top of the 9th over - 1 run, 2 hits, 0 errors, 1 left on base; Santa Barbara 3 - Pawnee 4
Friday, April 17th, 2020 - OOTP Baseball 20.8 Build 74